 Dungeon Crawl Stone Soup version 0.29.1-12-g30fa7ad0bf (webtiles) character file.

Game seed: 13535131937763285634

161 styxcanada the Sneak (level 5, -2/26 HPs)
             Began as a Spriggan Brigand on Dec 21, 2022.
             Slain by a hound (3 damage)
             ... on level 4 of the Dungeon.
             The game lasted 00:11:42 (2625 turns).

styxcanada the Sneak (Spriggan Brigand)             Turns: 2625, Time: 00:11:42

Health: -2/26      AC:  5    Str:  7    XL:     5   Next: 18%
Magic:  6/6        EV: 17    Int: 19    God:
Gold:   198        SH:  0    Dex: 18    Spells: 2/4 levels left

rFire   . . .      SeeInvis +   a - +2 dagger
rCold   . . .      Faith    .   (no shield)
rNeg    . . .      Spirit   .   h - +2 robe {Will+}
rPois   .          Reflect  .   (helmet restricted)
rElec   .          Harm     .   c - +0 cloak
rCorr   .          Rampage  .   (gloves unavailable)
Will    ++...                   (boots unavailable)
Stlth   ++++......              (no amulet)
HPRegen 0.08/turn               g - +6 ring of intelligence
MPRegen 0.10/turn               b - ring of willpower

@: mighty, invisible, very quick
A: very small, no large weapons, unfitting armour, see invisible, speed 3
a: no special abilities


You were on level 4 of the Dungeon.
You visited 1 branch of the dungeon, and saw 4 of its levels.

You collected 198 gold pieces.

Inventory:

Hand Weapons
 a - a +2 dagger (weapon)
 l - a +0 sling
 n - a +2 mace of draining
Missiles
 d - 2 poisoned darts (quivered)
 e - 3 curare-tipped darts
 i - 39 stones
Armour
 c - a +0 cloak (worn)
 h - a +2 robe of willpower (worn)
Jewellery
 b - a ring of willpower (right hand)
 g - a +6 ring of intelligence (left hand)
Wands
 k - a wand of charming (5)
 o - a wand of mindburst (16)
Potions
 m - a potion of lignification
 p - a potion of flight
 r - a potion of cancellation


   Skills:
 * Level 2.1 Fighting
 + Level 3.0 Short Blades
 + Level 2.2 Throwing
 * Level 2.7 Dodging
 * Level 7.9 Stealth
 * Level 0.4 Spellcasting
 * Level 0.3 Fire Magic
 * Level 0.9 Evocations


You had 2 spell levels left.
You knew the following spells:

 Your Spells              Type           Power      Damage    Failure   Level
a - Scorch                Fire           2%         2d5       26%         2

Your spell library contained the following spells:

 Spells                   Type           Power      Damage    Failure   Level
 Inner Flame              Hex/Fire       0%         N/A       50%         3
 Flame Wave               Conj/Fire      0%         2d4       88%         4
 Cause Fear               Hex            0%         N/A       89%         4
 Summon Cactus Giant      Summ           0%         N/A       100%        6
 Discord                  Hex            0%         N/A       100%        8


Dungeon Overview and Level Annotations

Branches:
Dungeon (4/15)
 Temple: D:4-7

Altars:


Innate Abilities, Weirdness & Mutations

You are very small and have problems with some larger weapons.
You are too small for most types of armour.
You have supernaturally acute eyesight. (SInv)
You cover ground extremely quickly. (Speed+++)


Message History

The orc is heavily wounded.
The hound misses you. The orc closely misses you. The hound closely misses you.
You puncture the orc!
You kill the orc!
The hound closely misses you.
An orc comes into view. It is wielding a +0 flail.
Items here: ( )) [[ ††.
The orc wizard hits you but does no damage.
You hit the orc wizard.
The orc wizard is lightly wounded.
The hound barely misses you. The orc wizard completely misses you.
You closely miss the orc wizard.
The orc wizard is lightly wounded.
The orc shouts!
The hound barely misses you.
The orc wizard hits you with a +0 dagger.
* * * LOW HITPOINT WARNING * * *
You miss the orc wizard.
The orc wizard is lightly wounded.
The hound closely misses you. The hound bites you.
* * * LOW HITPOINT WARNING * * *
You fade into invisibility!
The orc wizard barely misses you. The hound misses you.
You catch the helpless orc wizard completely off-guard!
You impale the orc wizard!!
You kill the orc wizard!
The hound completely misses you.
You have reached level 5!
You feel clever. The orc hits you but does no damage.
Items here: ( ) [ †.
You hit the orc.
The orc is heavily wounded.
The hound bites you.
* * * LOW HITPOINT WARNING * * *
The orc completely misses you. The hound completely misses you.
You puncture the orc!
You kill the orc!
The hound bites you.
You die...

### #.#### ##....# .
#.....## ###############....
.......###..(..)@hKS.(......
....#<.....(.############.).
)......#####)##
)...##....##..##
....#####.###(.## #.###
..##..# #.# #....$o.....#
#.# #######o#...# #†#### ...
##


You could see a hound, an adder (unable to see you) and a kobold (unable to see
you).

Vanquished Creatures
  An iguana (D:4)
  An orc wizard (D:4)
  3 adders (D:2)
  2 worms (D:2)
  A dart slug (D:2)
  7 orcs
  2 ball pythons (D:1)
  7 endoplasms
  4 goblins
  5 hobgoblins
  8 jackals
  A quokka (D:3)
  9 bats
  4 frilled lizards
  5 kobolds
  9 rats
69 creatures vanquished.

Vanquished Creatures (others)
  A plant (D:3)
1 creature vanquished.

Grand Total: 70 creatures vanquished

Notes
Turn   | Place    | Note
-------+----------+-------------------------------------------
     0 | D:1      | styxcanada the Spriggan Brigand began the quest for the
                  | Orb.
     0 | D:1      | Reached XP level 1. HP: 10/10 MP: 2/2
    95 | D:1      | Reached skill level 6 in Stealth
   205 | D:1      | Reached XP level 2. HP: 11/14 MP: 3/3
   875 | D:2      | Reached XP level 3. HP: 18/18 MP: 4/4
  1022 | D:2      | Reached skill level 7 in Stealth
  1410 | D:2      | Reached XP level 4. HP: 23/23 MP: 5/5
  1718 | D:3      | Found a faded altar of an unknown god.
  2046 | D:3      | Identified the +1 plate armour of the Merchant {Harm rCorr
                  | Slay-6}
  2524 | D:4      | Learned a level 2 spell: Scorch
  2623 | D:4      | Reached XP level 5. HP: 3/26 MP: 6/6
  2624 | D:4      | HP: 1/26 [hound (2)]
  2625 | D:4      | Slain by a hound

Illustrated notes

Levels and vault maps discovered:
D:1:      onia_arrival_handbag, layout_basic
D:2:      layout_loops_ring, minmay_three_crescents
D:3:      layout_basic, dreamdust_ecumenical_altar_grove
D:4:      layout_rooms, amethyst_overflow_temple_binary

Skill      XL: |  1  2  3  4 |
---------------+-------------+-----
Stealth        | 6 7 |  7.9
Dodging        | 2 |  2.7
Fighting       | 2 |  2.1
Short Blades   | 3 |  3.0
Throwing       | |  2.2
Spellcasting   | |  0.4
Fire Magic     | |  0.3
Evocations     | |  0.9

Action                   |  1- 3 |  4- 6 || total
-------------------------+-------+-------++-------
Melee: Dagger            |   107 |    72 ||   179
 Fire: Sling             |       |     4 ||     4
Throw: Dart              |     7 |    19 ||    26
  Use: Scroll            |     4 |     8 ||    12
       Potion            |       |     2 ||     2
 Stab: Sleeping          |    13 |     3 ||    16
       Distracted        |     3 |     1 ||     4
       Invisible         |       |     1 ||     1
Armor: Robe              |    19 |    13 ||    32
Dodge: Dodged            |    79 |    55 ||   134
